 Dungeon Crawl Stone Soup version 0.29.1-2-gbd0b4ee654 (webtiles) character file.

Game seed: 6896333366796264861

1442 NinjaNoafa the Basher (level 8, -1/96 HPs)
             Began as a Minotaur Fighter on Nov 18, 2022.
             Was an Initiate of Gozag.
             Slain by an orc priest
             ... wielding a +0 club
              (2 damage)
             ... on level 7 of the Dungeon.
             The game lasted 00:08:10 (6682 turns).

NinjaNoafa the Basher (Minotaur Fighter)            Turns: 6682, Time: 00:08:10

Health: -1/96      AC: 24    Str: 20 (23) XL:     8   Next: 46%
Magic:  7/7        EV:  2    Int:  2 (5)  God:    Gozag
Gold:   306        SH:  0    Dex:  8 (10) Spells: 7/7 levels left

rFire   . . .      SeeInvis .   v - +1 halberd
rCold   . . .      Faith    .   (shield currently unavailable)
rNeg    . . .      Spirit   .   (body armour currently unavailable)
rPois   +          Reflect  .   (helmet currently unavailable)
rElec   .          Harm     .   (cloak currently unavailable)
rCorr   .          Rampage  .   (gloves currently unavailable)
Will    .....      NoTele   +   (boots currently unavailable)
Stlth   +.........              r - amulet of the acrobat
HPRegen 0.26/turn               e - ring of flight
MPRegen 0.10/turn               (no ring)

@: tree-form, gold aura
A: stationary, stasis, torment immunity, boosted hp, (horns 2), (retaliatory
headbutt)
a: Renounce Religion, Potion Petition, Call Merchant, Bribe Branch


You were on level 7 of the Dungeon.
You worshipped Gozag.
Gozag was aware of your devotion.
You were a tree.
You visited 2 branches of the dungeon, and saw 8 of its levels.

You collected 437 gold pieces.
You spent 24 gold pieces at shops.
You paid 107 gold pieces to Gozag.

Inventory:

Hand Weapons
 v - a +1 halberd (weapon)
Missiles
 g - 8 poisoned darts (quivered)
 o - 33 stones
 u - a boomerang
 x - 3 javelins
Armour
 h - a +0 chain mail (melded)
 l - a +0 pair of boots (melded)
Jewellery
 e - a ring of flight (left branch)
 r - an amulet of the acrobat (around neck)
 y - a ring of see invisible
Wands
 c - a wand of iceblast (14)
 w - a wand of polymorph (4)
 F - a wand of mindburst (27)
Scrolls
 a - 3 scrolls of enchant weapon
 b - a scroll of fear {unknown}
 f - a scroll of enchant armour {unknown}
 i - 3 scrolls of teleportation
 j - a scroll of poison {unknown}
 k - a scroll of butterflies {unknown}
 n - 2 scrolls of vulnerability {unknown}
 p - 3 scrolls of amnesia {unknown}
 s - 5 scrolls of identify
Potions
 d - 2 potions of might
 m - a potion of flight {unknown}
 q - a potion of cancellation {unknown}
 t - a potion of degeneration
 z - a potion of heal wounds {unknown}
 A - a potion of curing
 C - a potion of magic {unknown}
 D - a potion of haste {unknown}
 E - a potion of resistance {unknown}


   Skills:
 - Level 3.6 Fighting
 - Level 11.1 Maces & Flails
 + Level 6.1 Polearms
 - Level 3.6 Armour
 - Level 3.6 Shields


You had 7 spell levels left.
You didn't know any spells.
Your spell library contained the following spells:

 Spells                   Type           Power      Damage    Failure   Level
 Tukima's Dance           Hex            0%         N/A       89%         3
 Passage of Golubria      Tloc           0%         N/A       100%        4
 Alistair's Intoxication  Tmut/Pois      0%         N/A       100%        5
 Borgnjor's Vile Clutch   Necr/Erth      0%         N/A       100%        5
 Yara's Violent Unravell  Hex/Tmut       0%         3d3       100%        5
 Eringya's Noxious Bog    Tmut/Pois      0%         N/A       100%        6


Dungeon Overview and Level Annotations

Branches:
Dungeon (7/15)             Temple (1/1) D:6

Altars:
Dithmenos
Elyvilon
Fedhas
Gozag
Hepliaklqana
Kikubaaqudgha
Makhleb
Okawaru
Qazlal
Ru
Sif Muna
Trog
Vehumet
Wu Jian

Shops:
D:5 [?!(


Innate Abilities, Weirdness & Mutations

You are a tree.
Your roots penetrate the ground, keeping you stationary.
You cannot be teleported.
You are immune to unholy pain and torment.
Your maximum health is greatly increased.
Your equipment is partially melded.
((You have a pair of horns on your head.))
((You reflexively headbutt those who attack you in melee.))


Message History

Your +0 chain mail melds into your body.
Your roots penetrate the ground.
The orc hits you with a +0 hand axe.
* * * LOW HITPOINT WARNING * * *
The orc priest is distracted by your dazzling golden aura.
The ice beast is distracted by your dazzling golden aura.
You closely miss the orc.
The orc priest shouts!
The orc hits you but does no damage.
You hear a bark!
You completely miss the orc. The orc hits you but does no damage.
The orc priest mumbles some strange prayers to Beogh against you.
Beogh smites you!
* * * LOW HITPOINT WARNING * * *
A hound comes into view.
You hit the orc.
The orc is severely wounded.
The ice beast is no longer distracted by gold.
The orc hits you but does no damage.
You puncture the orc!
You kill the orc!
The orc priest is no longer distracted by gold.
You barely miss the orc priest.
The orc priest looks braver for a moment.
The orc priest invokes the aid of Beogh against you.
Beogh smites you!
* * * LOW HITPOINT WARNING * * *
The orc priest hits you but does no damage.
You puncture the orc priest!
The orc priest is severely wounded.
The orc priest looks satisfied for a moment.
The orc priest hits you with a +0 club.
* * * LOW HITPOINT WARNING * * *
You barely miss the orc priest.
The orc priest is severely wounded.
The orc priest hits you but does no damage.
You barely miss the orc priest.
The orc priest is severely wounded.
The orc priest hits you with a +0 club.
You die...
Your body crumbles into a pile of gold.

$ . $ ####### .. #.....#
. ... #.....#########..
.... #.....#..........
..... #.....+..........
.....Y##$....#..........
.....oo♣.....##...######
..###'###.......#...# ..
#......###...... #.
#.....## #..... +
+....## #.... #...##
#... ##### #.. #.


You could see an ice beast and 2 orc priests.

Vanquished Creatures
  2 sky beasts
  An ice beast (D:6)
  An ogre (D:5)
  A centaur (D:4)
  2 necrophages
  2 scorpions
  A howler monkey (D:3)
  4 jellies
  3 orc priests
  4 hounds
  5 iguanas
  An orc wizard (D:4)
  4 gnolls
  7 adders
  2 white imps
  An ufetubus (D:5)
  3 worms
  6 dart slugs
  17 orcs
  3 bats
  7 endoplasms
  3 giant cockroaches
  7 goblins
  3 hobgoblins
  4 jackals (D:2)
  2 quokkas (D:1)
  6 ball pythons
  3 frilled lizards
  6 kobolds
  A rat (D:1)
112 creatures vanquished.

Notes
Turn   | Place    | Note
-------+----------+-------------------------------------------
     0 | D:1      | NinjaNoafa the Minotaur Fighter began the quest for the
                  | Orb.
     0 | D:1      | Reached XP level 1. HP: 19/19 MP: 0/0
   126 | D:1      | Reached skill level 3 in Maces & Flails
   304 | D:1      | Reached XP level 2. HP: 26/26 MP: 1/1
   393 | D:1      | Found a faded altar of an unknown god.
   802 | D:2      | Reached skill level 4 in Maces & Flails
   840 | D:2      | Reached XP level 3. HP: 31/31 MP: 2/2
  1267 | D:2      | Reached skill level 5 in Maces & Flails
  1373 | D:2      | Reached XP level 4. HP: 39/39 MP: 3/3
  1809 | D:3      | Found a bloodstained altar of Trog.
  1899 | D:3      | Reached skill level 6 in Maces & Flails
  2042 | D:3      | Reached XP level 5. HP: 34/45 MP: 4/4
  2522 | D:3      | Reached skill level 7 in Maces & Flails
  2651 | D:3      | Reached XP level 6. HP: 51/51 MP: 5/5
  2901 | D:3      | Reached skill level 8 in Maces & Flails
  3308 | D:4      | Reached skill level 9 in Maces & Flails
  3408 | D:4      | Found a hazy altar of Hepliaklqana.
  3409 | D:4      | Found a shadowy altar of Dithmenos.
  3409 | D:4      | Noticed a shadow
  3484 | D:4      | Reached XP level 7. HP: 52/57 MP: 6/6
  3484 | D:4      | Identified the +0 ring mail of the Pure Lies {Regen+ Int+2}
  3697 | D:5      | Entered Level 5 of the Dungeon
  3907 | D:5      | Reached skill level 10 in Maces & Flails
  4404 | D:5      | Found Dohucv Meoh's Distillery.
  4406 | D:5      | Found Buigh's Weapon Boutique.
  4406 | D:5      | Found Byahiugig's Armour Shoppe.
  4415 | D:5      | Found Kywa Mia's Magic Scroll Emporium.
  4442 | D:5      | Reached skill level 11 in Maces & Flails
  4572 | D:5      | Bought a scroll of identify for 24 gold pieces
  5062 | D:6      | Reached skill level 1 in Polearms
  5259 | D:6      | Reached XP level 8. HP: 64/64 MP: 7/7
  5284 | D:6      | Found a staircase to the Ecumenical Temple.
  5302 | Temple   | Entered the Ecumenical Temple
  5494 | Temple   | Became a worshipper of Gozag Ym Sagoz the Greedy
  5899 | D:6      | Reached skill level 5 in Polearms
  6369 | D:7      | HP: 1/64 [steam dragon/ball of steam (13)]
  6679 | D:7      | HP: 3/96 [orc priest/divine providence (10)]
  6680 | D:7      | HP: 1/96 [orc priest/+0 club (3)]
  6682 | D:7      | Slain by an orc priest

Illustrated notes

Levels and vault maps discovered:
D:1:      mrwooster_arrival_statue, layout_loops_ring, serial_forest,
          infiniplex_forest_clump_C, infiniplex_forest_zigzag_1,
          infiniplex_forest_clump_double, infiniplex_forest_clump_tiny,
          infiniplex_forest_lined_3_way, infiniplex_forest_corner_2,
          infiniplex_forest_clump_diagonal, infiniplex_forest_clump_small,
          hellmonk_ecumenical_altar_lost_god, grunt_decor_fettered
D:2:      layout_basic, uniq_jessica
D:3:      minmay_chambers_of_twos, layout_loops_ring, trog_three_pillars_becter
D:4:      layout_basic, riverfiend_overflow_shadow_ancestor
D:5:      layout_basic, nrook_pool_corridor, nicolae_wooded_promenade
D:6:      layout_loops_ring, minmay_temple_entry_mini_moons, dk_noncrumbling_3
D:7:      layout_gridville, grunt_temple_overflow_holy_war,
          grunt_temple_overflow_diamond, ebering_ghost_gozag, dk_noncrumbling_4,
          st_stairs_11, kennysheep_generic_room_13
Temple:   jpeg_temple_clearing

Skill      XL: |  1  2  3  4  5  6  7  8 |
---------------+-------------------------+-----
Maces & Flails | 3 4 5 6 7 9 11 | 11.1
Polearms       | 1 6 |  6.1
Fighting       | |  3.6
Armour         | |  3.6
Shields        | |  3.6

Action                   |  1- 3 |  4- 6 |  7- 9 || total
-------------------------+-------+-------+-------++-------
Melee: Flail             |    83 |   125 |    64 ||   272
       Headbutt          |     7 |    15 |    24 ||    46
       Halberd           |       |       |    85 ||    85
       Trident           |       |       |     2 ||     2
  Use: Potion            |       |       |     4 ||     4
       Scroll            |       |       |     2 ||     2
Armor: Scale mail        |    10 |       |       ||    10
       Chain mail        |    42 |    57 |    86 ||   185
       Ring mail         |       |       |     3 ||     3
       Skin              |       |       |     5 ||     5
Dodge: Dodged            |    28 |    66 |    79 ||   173
Block: Buckler           |    14 |    36 |     9 ||    59
